 Dungeon Crawl Stone Soup version 0.31.0-32-g396128a36d (webtiles) character file.

Game seed: 10509099152078868830

247667 firemarshallily the Warrior (level 18, -9/255 HPs)
             Began as a Demigod Brigand on Apr 18, 2024.
             Mangled by an ironbound frostheart (12 damage)
             ... on level 1 of the Vaults on Apr 20, 2024.
             The game lasted 01:58:39 (36959 turns).

firemarshallily the Warrior (Demigod Brigand)      Turns: 36959, Time: 01:58:40

Health: -9/255     AC: 29    Str: 16    XL:     18   Next: 16%
Magic:  0/33       EV:  2    Int: 13    God:
Gold:   2437       SH: 19    Dex: 35    Spells: 24/31 levels left

rFire   + . .        P - +7 quick blade "Xenoto" {freeze, rN+}
rCold   + . .        w - +2 buckler {reflect}
rNeg    + . .        z - melded +4 robe of Augmentation {Str+4 Int+4 Dex+4}
rPois   +            (helmet currently unavailable)
rElec   .            f - melded +2 cloak of Nice Life {Slay+4}
rCorr   .            J - melded +2 pair of gloves
SInv    .            C - melded +3 pair of mountain boots {steadfast, rC+}
Will    +....        F - brooch of Shielding {Spirit SH+8}
Stlth   ++++++++     c - ring of Lyblainy {rPois rF+ rC+}
HPRegen 0.62/turn    b - +5 ring of evasion
MPRegen 0.23/turn

%: reflection, guardian spirit
@: tree-form, hasted, invisible, very quick
A: stationary, stasis, torment immunity, boosted hp, high MP 1, forlorn, divine
attributes
}: 2/15 runes: decaying, gossamer
a: no special abilities


You were on level 1 of the Vaults.
You were a tree.
You visited 7 branches of the dungeon, and saw 32 of its levels.
You also visited: Ossuary.

You collected 5263 gold pieces.
You spent 2826 gold pieces at shops.

Inventory:

Hand Weapons
 P - the +7 quick blade "Xenoto" (weapon) {freeze, rN+}
   (You acquired it on level 15 of the Dungeon)

   rN+:       It protects you from negative energy.
Missiles
 d - 29 poisoned darts (quivered)
 e - 5 curare-tipped darts
 p - 5 silver javelins
 q - 5 atropa-tipped darts
 y - 20 javelins
 H - a throwing net
Armour
 f - the +2 cloak of Nice Life (melded) {Slay+4}
   (You bought it in a shop on level 2 of the Orcish Mines)

   Slay+4:    It affects your accuracy & damage with ranged weapons and melee
   (+4).
 w - a +2 buckler of reflection (worn)
 z - the +4 robe of Augmentation (melded) {Str+4 Int+4 Dex+4}
   (You found it on level 6 of the Dungeon)

   Str+4:     It affects your strength (+4).
   Int+4:     It affects your intelligence (+4).
   Dex+4:     It affects your dexterity (+4).
 C - the +3 pair of mountain boots (melded) {steadfast, rC+}
   (You acquired it on level 6 of the Dungeon)

   Steadfast: It prevents involuntary movement, except for blinking,
   teleportation, or banishment.
   rC+:       It protects you from cold.
 J - a +2 pair of gloves (melded)
Jewellery
 b - a +5 ring of evasion (right branch)
 c - the ring of Lyblainy (left branch) {rPois rF+ rC+}
   (You bought it in a shop on level 12 of the Dungeon)

   [ring of poison resistance]

   rF+:       It protects you from fire.
   rC+:       It protects you from cold.
   rPois:     It protects you from poison
 j - a ring of see invisible
 n - the ring of Sysemmi {rC+ Str+4}
   (You bought it in a shop on level 2 of the Orcish Mines)

   [ring of protection from cold]

   Str+4:     It affects your strength (+4).
   rC+:       It protects you from cold.
 F - the brooch of Shielding (around neck) {Spirit SH+8}
   (You found it on level 3 of the Swamp)

   [amulet of guardian spirit]

   Spirit:    It causes incoming damage to be divided between your reserves of
   health and magic.
   SH+8:      It affects your SH (+8).
 I - a ring of flight
 M - a ring of resist corrosion
 Q - a ring of willpower
Wands
 a - a wand of quicksilver (6)
 v - a wand of roots (33)
 x - a wand of digging (1)
 N - a wand of charming (40)
 S - a wand of polymorph (7)
Scrolls
 i - 4 scrolls of silence
 l - 2 scrolls of torment
 m - 5 scrolls of immolation
 o - 12 scrolls of teleportation
 s - 6 scrolls of blinking
 t - 6 scrolls of revelation
 B - 9 scrolls of fog
 K - a scroll of poison
 R - 2 scrolls of enchant weapon
 U - 3 scrolls of fear
 Z - a scroll of brand weapon {unknown}
Potions
 g - 6 potions of lignification
 h - 2 potions of cancellation
 k - 3 potions of might
 r - 2 potions of invisibility
 u - 6 potions of berserk rage
 A - 2 potions of brilliance
 D - 2 potions of resistance
 E - 6 potions of attraction
 L - 6 potions of mutation
 O - 3 potions of magic
 V - a potion of haste
 X - 5 potions of ambrosia
Miscellaneous
 G - a lightning rod (4/4)


   Skills:
 * Level 17.4 Fighting
 - Level 14.0 Short Blades
 - Level 1.7 Throwing
 * Level 16.7 Dodging
 - Level 16.6 Stealth
 - Level 9.2 Shields
 + Level 7.2 Spellcasting


You had 24 spell levels left.
You knew the following spells:

 Your Spells              Type           Power      Damage    Failure   Level
a - Slow                  Hex            16%        N/A       19%         1
b - Swiftness             Air            4%         N/A       47%         3
c - Teleport Other        Tloc           4%         N/A       47%         3

Your spell library contained the following spells:

 Spells                   Type           Power      Damage    Failure   Level
 Shock                    Conj/Air       16%        1d4       19%         1
 Call Imp                 Summ           8%         N/A       26%         2
 Cigotuvi's Dreadful Rot  Necr/Alch/Air  8%         N/A       26%         2
 Lesser Beckoning         Tloc           8%         N/A       26%         2
 Mercury Vapours          Alch/Air       8%         N/A       26%         2
 Static Discharge         Conj/Air       8%         3-4/arc   26%         2
 Sublimation of Blood     Necr           4%         N/A       26%         2
 Confusing Touch          Hex            4%         N/A       47%         3
 Dazzling Flash           Conj/Hex       8%         N/A       47%         3
 Frozen Ramparts          Ice            8%         1d2       47%         3
 Gell's Gravitas          Tloc           4%         N/A       47%         3
 Hailstorm                Conj/Ice       4%         3d5       47%         3
 Mephitic Cloud           Conj/Alch/Air  4%         N/A       47%         3
 Sigil of Binding         Hex            4%         N/A       47%         3
 Summon Ice Beast         Ice/Summ       4%         N/A       47%         3
 Tukima's Dance           Hex            4%         N/A       47%         3
 Vampiric Draining        Necr           4%         2d6       47%         3
 Volatile Blastmotes      Fire/Tloc      8%         2d10      47%         3
 Airstrike                Air            2%         2d(1-17)  87%         4
 Leda's Liquefaction      Alch/Erth      2%         N/A       87%         4
 Passage of Golubria      Tloc           4%         N/A       87%         4
 Petrify                  Alch/Erth      4%         N/A       87%         4
 Summon Lightning Spire   Summ/Air       4%         N/A       87%         4
 Curse of Agony           Necr           4%         N/A       99%         5
 Freezing Cloud           Conj/Ice/Air   2%         6-21      99%         5
 Metabolic Englaciation   Hex/Ice        2%         N/A       99%         5
 Silence                  Hex/Air        2%         N/A       99%         5
 Summon Forest            Summ/Tloc      2%         N/A       99%         5
 Summon Mana Viper        Hex/Summ       4%         N/A       99%         5
 Yara's Violent Unravell  Hex/Alch       2%         3d3       99%         5
 Eringya's Noxious Bog    Alch           2%         4d6       100%        6
 Sculpt Simulacrum        Ice/Alch       2%         N/A       100%        6
 Starburst                Conj/Fire      2%         6d3       100%        6
 Summon Cactus Giant      Summ           2%         N/A       100%        6
 Ozocubu's Refrigeration  Ice            2%         4d7       100%        7
 Summon Hydra             Summ           2%         N/A       100%        7
 Maxwell's Capacitive Co  Air            2%         ∞         100%        8
 Polar Vortex             Ice            2%         N/A       100%        9


Dungeon Overview and Level Annotations

Branches:
Dungeon (15/15)            Temple (1/1) D:7            Lair (5/5) D:11
  Swamp (4/4) Lair:3       Spider (4/4) Lair:3        Slime (0/5) Lair:5
    Orc (2/2) D:11            Elf (0/3) Orc:2        Vaults (1/5) D:14
 Depths (0/4) D:15        Ossuary (visited)

Shops:
D:9 *   D:12 =?[   Orc:2 *=*[

Annotations:
D:14 2 transporters, Ukid's ghost, journeyman DrSh
D:15 3 runed translucent doors, imdaedric's ghost, journeyman MiBe; turdburglar's ghost, journeyman MfSh


Innate Abilities, Weirdness & Mutations

You are a tree.
Your roots penetrate the ground, keeping you stationary.
You cannot be teleported.
You are immune to unholy pain and torment.
Your maximum health is greatly increased.
Your equipment is partially melded.
You have an increased reservoir of magic. (+10% MP)
You shall have no god before yourself.
Your divine heritage dramatically boosts your attributes as you level up.


Message History

The deep troll barely misses you.
The deep troll claws you but does no damage.
Unknown command.
Unknown command.
You feel yourself speed up.
You block the ironbound frostheart's attack.
The deep troll bites you!
* * * LOW HITPOINT WARNING * * *
You block the deep troll's attack.
The deep troll claws you but does no damage.
The deep troll bites you but does no damage.
The deep troll claws you.
* * * LOW HITPOINT WARNING * * *
The deep troll claws you but does no damage.
The deep troll barely misses you.
The deep troll claws you but does no damage. x2
The ironbound frostheart touches you but does no damage.
You feel better.
You block the ironbound frostheart's attack.
Unknown command.
Sorry, you're not good enough to have a special ability.
Okay, then.
As you read the scroll of torment, it crumbles to dust.
You feel a surge of unholy energy.
The ironbound frostheart convulses!
The deep troll convulses!
The ironbound frostheart convulses!
The deep troll convulses! x2; The deep troll bites you!
* * * LOW HITPOINT WARNING * * *
The deep troll claws you but does no damage. x2
You block the deep troll's attack. x2
The deep troll claws you but does no damage.
The deep troll bites you but does no damage.
The deep troll claws you.
* * * LOW HITPOINT WARNING * * *
The deep troll claws you.
* * * LOW HITPOINT WARNING * * *
The ironbound frostheart touches you but does no damage.
The ironbound frostheart touches you!
* * * LOW HITPOINT WARNING * * *
The ironbound frostheart freezes you! You resist.
You die...

#.... #....
#....###################
#................†......
#.......................
#.......................
#......pT...............
#......♣p...............
#......TT)..............
#.........†.............
#.........[$............
#..........(...########.
#..............# #.
#.$.....?...(..# #.
#............(.#. #.
..............#.. #.


You could see 2 ironbound frosthearts and 3 deep trolls.

Vanquished Creatures
  Bai Suzhen (Swamp:3)
  Nikola (Swamp:1)
  A tentacled monstrosity (Swamp:4)
  Mlioglotl (Spider:1)
  Rupert (D:13)
  A thorn hunter (Swamp:2)
  The ghost of Ykec Esm the Carver, a journeyman DrWn of Ashenzari (Swamp:2)
  4 emperor scorpions
  A fenstrider witch (Swamp:4)
  A vault warden (Vaults:1)
  Louise (Swamp:3)
  2 ghost moths (Spider:4)
  4 ironbound preservers (Vaults:1)
  2 ironbound thunderhulks (Vaults:1)
  A very ugly thing (Swamp:4)
  4 broodmothers
  Nessos (D:12)
  2 eleionomae (Swamp:4)
  2 spark wasps (Spider:4)
  Azrael (Spider:2)
  Snorg (Orc:1)
  2 bunyips (Swamp:2)
  2 green deaths (Swamp:4)
  3 dire elephants (Vaults:1)
  The ghost of bane2007 the Prestidigitator, a journeyman GnWn of Ashenzari (Lair:3)
  A yaktaur captain (Vaults:1)
  A fire dragon (Lair:5)
  3 entropy weavers
  2 great orbs of eyes (Vaults:1)
  8 vault guards (D:14)
  The ghost of brilapsti the Summoner, a journeyman DrSu of Vehumet (Lair:1)
  7 centaur warriors
  4 ogre magi
  4 jorogumos
  3 ghost crabs
  2 catoblepae
  2 rakshasas
  Erica (D:9)
  21 hydras
  A radroach (Spider:2)
  2 ironbound frosthearts (Vaults:1)
  11 two-headed ogres
  5 death yaks
  6 alligators
  6 demonic crawlers
  5 boulder beetles
  A tengu warrior (D:14)
  An occultist (D:15)
  Urug (D:13)
  Nergalle (Lair:1)
  5 goliath frogs
  2 skysharks
  10 pharaoh ants
  10 deep trolls (Vaults:1)
  A death drake (Swamp:4)
  4 spriggan druids
  6 orb spiders
  A sun moth (Spider:4)
  9 bog bodies
  6 lindwurms
  12 steelbarb worms
  A deep elf pyromancer (D:15)
  5 swamp dragons
  A deep elf zephyrmancer (D:15)
  A necromancer (D:15)
  20 wolf spiders
  4 manticores
  6 orc knights
  8 orc sorcerers
  The ghost of panicmichael the Toxicologist, a novice SpAl of Ashenzari (D:7)
  4 cyclopes
  2 moths of wrath
  2 will-o-the-wisps (Swamp:2)
  21 ugly things
  A meliai (Lair:3)
  2 meliai (shapeshifter) (D:14)
  3 kobold blastminers (Orc:2)
  2 vault sentinels (Vaults:1)
  12 elephants
  3 molten gargoyles (Lair:5)
  8 black mambas
  4 orange demons (Swamp:4)
  An ice statue (Lair:1)
  3 torpor snails
  10 cane toads
  A gargoyle (D:12)
  Jeremiah (D:8)
  3 large abominations (Swamp:4)
  Maggie (Lair:2)
  6 rime drakes
  19 komodo dragons
  A tengu conjurer (D:14)
  A queen bee (Lair:3)
  2 polar bears (Lair:1)
  16 tyrant leeches
  10 hornets
  8 trolls
  27 blink frogs
  2 bloated husks
  24 tarantellas
  4 dream sheep (Lair:5)
  Grinder (D:3)
  23 jumping spiders
  27 slime creatures
  A spriggan (shapeshifter) (D:15)
  Sigmund (D:4)
  2 shadows (Swamp:4)
  9 spriggans
  A vampire (D:12)
  20 culicivoras
  13 wyverns
  44 yaks
  3 wraiths
  5 basilisks
  Eustachio (D:6)
  7 wargs
  3 fire elementals (Spider:2)
  5 steam dragons
  46 redbacks
  25 vampire mosquitoes
  An acid dragon (D:11)
  16 swamp worms
  18 water moccasins
  8 hell hounds
  2 sky beasts
  2 ice beasts (D:7)
  2 meliai simulacra (D:15)
  17 orc warriors
  2 laughing skulls (D:14)
  A swamp drake (Lair:3)
  31 wolves
  9 ogres
  A black bear (D:6)
  A boggart (Vaults:1)
  7 centaurs
  3 phantoms
  5 kobold brigands
  A weeping skull (Ossuary)
  2 scorpions
  8 water moccasin zombies (Ossuary)
  13 bullfrogs
  11 wights
  44 killer bees
  3 bombardier beetles
  3 electric eels
  3 howler monkeys
  4 jellies
  5 lava snakes (Lair:5)
  5 quasits (D:7)
  A gnoll bouda (Lair:3)
  16 orc priests
  3 hounds
  3 iguanas
  34 orc wizards
  A sleepcap (D:6)
  A hell rat (Lair:3)
  A boggart skeleton (D:15)
  2 crocodile zombies (Ossuary)
  A bullfrog simulacrum (Ossuary)
  2 mummies (Ossuary)
  8 adders
  2 shadow imps (D:8)
  A white imp (D:6)
  6 ufetubi
  An adder zombie (Ossuary)
  2 dart slugs (D:2)
  4 ribbon worms
  111 orcs
  8 ball pythons
  7 bats
  9 endoplasms
  A giant cockroach (D:3)
  9 goblins
  8 hobgoblins
  4 jackals (D:2)
  A quokka (D:1)
  2 frilled lizards
  8 gnoll zombies (Ossuary)
  2 jackal zombies (Ossuary)
  18 kobolds
  4 orc zombies (Ossuary)
  5 rats
1210 creatures vanquished.

Vanquished Creatures (others)
  A jumping spider (Spider:4)
  A culicivora (Spider:2)
  A warg (Orc:2)
  2 orc wizards (Orc:2)
  2 orcs (Orc:2)
  2 foxfires (Swamp:2)
9 creatures vanquished.

Grand Total: 1219 creatures vanquished

Notes
Turn   | Place    | Note
-------+----------+-------------------------------------------
     0 | D:1      | firemarshallily the Demigod Brigand began the quest for the
                  | Orb.
     0 | D:1      | Reached XP level 1. HP: 17/17 MP: 3/3
   234 | D:1      | Reached XP level 2. HP: 24/24 MP: 4/4
   248 | D:1      | Reached skill level 2 in Fighting
   872 | D:2      | Reached XP level 3. HP: 29/29 MP: 5/5
  2142 | D:3      | Reached XP level 4. HP: 34/37 MP: 6/6
  2223 | D:3      | Noticed Grinder
  2248 | D:3      | Reached skill level 5 in Stealth
  2248 | D:3      | Reached XP level 5. HP: 20/42 MP: 7/7
  2403 | D:3      | Paralysed by Grinder for 4 turns
  2417 | D:3      | Killed Grinder
  2418 | D:3      | Reached skill level 3 in Fighting
  2418 | D:3      | Reached XP level 6. HP: 38/51 MP: 8/8
  2525 | D:4      | Noticed Sigmund
  2897 | D:4      | Killed Sigmund
  2967 | D:4      | Reached XP level 7. HP: 35/57 MP: 9/9
  3235 | D:4      | Reached skill level 5 in Short Blades
  3547 | D:5      | Entered Level 5 of the Dungeon
  4047 | D:5      | Reached skill level 4 in Fighting
  4737 | D:6      | Found the +4 robe of Augmentation {Str+4 Int+4 Dex+4}
  4842 | D:6      | Noticed Eustachio
  4868 | D:6      | Found a sand-covered staircase.
  4877 | Ossuary  | Entered an ossuary
  4966 | Ossuary  | Reached XP level 8. HP: 60/66 MP: 10/10
  5546 | Ossuary  | Identified 3 scrolls of acquirement
  5550 | D:6      | Acquired a +1 quick blade of draining
  5677 | D:6      | Acquired a manual of Stealth
  5679 | D:6      | Acquired the +3 pair of mountain boots {steadfast, rC+}
  5679 | D:6      | Found the +3 pair of mountain boots {steadfast, rC+}
  5710 | D:6      | Reached skill level 1 in Dodging
  5782 | D:6      | Found a large runed translucent door.
  5782 | D:6      | Found a large runed translucent door.
  5790 | D:6      | Noticed a two-headed ogre
  5796 | D:6      | Found a large runed translucent door.
  5796 | D:6      | Found a large runed translucent door.
  5844 | D:6      | Reached skill level 5 in Fighting
  5865 | D:6      | Noticed a komodo dragon
  5875 | D:6      | Killed a komodo dragon
  5876 | D:6      | Reached XP level 9. HP: 57/74 MP: 11/11
  6371 | D:6      | Killed Eustachio
  6590 | D:7      | Found a staircase to the Ecumenical Temple.
  6607 | Temple   | Entered the Ecumenical Temple
  6672 | D:7      | Found a transporter.
  6672 | D:7      | Noticed panicmichael's ghost (novice SpAl)
  6932 | D:7      | Reached skill level 6 in Fighting
  7404 | D:7      | Reached skill level 10 in Stealth
  7432 | D:7      | Found a transporter.
  7698 | D:8      | Noticed Jeremiah
  7737 | D:8      | Killed Jeremiah
  7738 | D:8      | Reached XP level 10. HP: 39/84 MP: 9/13
  8307 | D:8      | Found Zin's Purification Station.
  8315 | D:8      | Bought a potion of curing for 90 gold pieces
  8868 | D:9      | Found Arphaynao's Lightly-Used Armoury.
  8917 | D:9      | Noticed Erica
  8930 | D:9      | Killed Erica
  9056 | D:9      | Reached skill level 7 in Fighting
  9056 | D:9      | Reached skill level 5 in Dodging
  9494 | D:10     | Entered Level 10 of the Dungeon
  9693 | D:10     | Reached skill level 10 in Short Blades
 10327 | D:11     | Noticed a two-headed ogre
 10337 | D:11     | Killed a two-headed ogre
 10338 | D:11     | Reached XP level 11. HP: 69/92 MP: 10/14
 10427 | D:11     | Identified the +4 arbalest "Zoaq" {penet, ^Contam rN+ rCorr
                  | SInv}
 10654 | D:11     | Found a staircase to the Lair.
 10900 | D:11     | Found a staircase to the Orcish Mines.
 11231 | D:12     | Identified the +1 robe "Vigg" {Rampage rC+ Dex-5 Stlth+}
 11318 | D:12     | Found Otifumar's Armour Boutique.
 11705 | D:12     | Found Lofosen's Magic Scroll Boutique.
 11713 | D:12     | Bought 2 scrolls of silence for 285 gold pieces
 11713 | D:12     | Bought a scroll of identify for 30 gold pieces
 11713 | D:12     | Bought a scroll of blinking for 112 gold pieces
 11713 | D:12     | Bought a scroll of fog for 60 gold pieces
 11713 | D:12     | Bought a scroll of identify for 30 gold pieces
 11713 | D:12     | Bought a scroll of identify for 30 gold pieces
 11713 | D:12     | Bought a scroll of teleportation for 45 gold pieces
 11713 | D:12     | Bought a scroll of identify for 30 gold pieces
 11755 | D:12     | Noticed Nessos
 11762 | D:12     | Found a transporter.
 11762 | D:12     | Found Beheteot's Jewellery Shop.
 11782 | D:12     | Killed Nessos
 11900 | D:12     | Identified the +8 flail "Vaghypsegun" {pain, *Corrode
                  | Dex+7}
 11974 | D:12     | Found a transporter.
 12002 | D:12     | Reached skill level 8 in Fighting
 12591 | D:13     | Noticed Urug
 12595 | D:13     | Killed Urug
 12811 | D:13     | Noticed Rupert
 12823 | D:13     | Killed Rupert
 12958 | D:13     | Noticed a deep elf pyromancer
 13202 | D:13     | Noticed a centaur warrior
 13213 | D:13     | Killed a centaur warrior
 13619 | Lair:1   | Entered Level 1 of the Lair of Beasts
 13740 | Lair:1   | Reached XP level 12. HP: 103/103 MP: 15/15
 13769 | Lair:1   | Noticed Nergalle
 13775 | Lair:1   | Noticed brilapsti's ghost (journeyman DrSu)
 13795 | Lair:1   | Noticed a catoblepas
 13796 | Lair:1   | Killed Nergalle
 13960 | Lair:1   | Found a transporter.
 13965 | Lair:1   | Found a transporter.
 14486 | Lair:2   | Reached skill level 9 in Fighting
 14825 | Lair:2   | Noticed Maggie
 14829 | Lair:2   | Killed Maggie
 15456 | Lair:3   | Noticed a seven-headed hydra
 15463 | Lair:3   | Killed a seven-headed hydra
 15533 | Lair:3   | Found a runed translucent door.
 15591 | Lair:3   | Found a hole to the Spider Nest.
 15902 | Lair:3   | Found a staircase to the Swamp.
 15971 | Lair:3   | HP: 5/105 [poison (poison gas)]
 16573 | Lair:3   | Reached XP level 13. HP: 71/112 MP: 16/16
 16791 | Lair:3   | Reached skill level 15 in Stealth
 17153 | Lair:3   | Reached skill level 10 in Fighting
 17252 | Lair:3   | Noticed bane2007's ghost (journeyman GnWn)
 18541 | Lair:5   | Entered Level 5 of the Lair of Beasts
 18578 | Lair:5   | Found a staircase to the Slime Pits.
 18705 | Lair:5   | Identified the +8 mace "Nuvopa" {freeze, rElec rPois rF-
                  | Int+3}
 18746 | Lair:5   | Reached skill level 11 in Fighting
 19099 | Lair:5   | Reached skill level 10 in Dodging
 19301 | Lair:5   | Reached XP level 14. HP: 110/124 MP: 17/17
 20221 | Lair:5   | Found a large runed translucent door.
 20589 | Lair:5   | Found a large runed translucent door.
 21172 | Orc:1    | Entered Level 1 of the Orcish Mines
 21286 | Orc:1    | Reached skill level 1 in Shields
 21295 | Orc:1    | Reached skill level 12 in Fighting
 21550 | Orc:1    | Noticed Snorg
 21569 | Orc:1    | Killed Snorg
 21709 | Orc:2    | Entered Level 2 of the Orcish Mines
 21715 | Orc:2    | Paralysed by an orc sorcerer for 3 turns
 22129 | Orc:2    | Found Dummeum's Assorted Antiques.
 22153 | Orc:2    | Bought a scroll of identify for 66 gold pieces
 22153 | Orc:2    | Bought a wavering lead ring for 165 gold pieces
 22153 | Orc:2    | Identified the ring of Sysemmi {rC+ Str+4} (You bought it
                  | in a shop on level 2 of the Orcish Mines)
 22225 | Orc:2    | Found Zilaurph's Jewellery Shop.
 22347 | Orc:2    | Found Soedweg's Antique Armour Emporium.
 22382 | Orc:2    | Bought a fine cloak for 180 gold pieces
 22382 | Orc:2    | Identified the +2 cloak of Nice Life {Slay+4} (You bought
                  | it in a shop on level 2 of the Orcish Mines)
 22701 | Orc:2    | Found a staircase to the Elven Halls.
 22860 | Orc:2    | Found Soraohej's General Store.
 22927 | Orc:2    | Bought a potion of heal wounds for 75 gold pieces
 22927 | Orc:2    | Bought 2 scrolls of identify for 60 gold pieces
 22927 | Orc:2    | Bought a scroll of blinking for 112 gold pieces
 23048 | D:12     | Bought a scroll of acquirement for 780 gold pieces
 23049 | D:12     | Acquired 1052 gold pieces
 23092 | D:12     | Bought the ring of Lyblainy {rPois rF+ rC+} for 574 gold
                  | pieces
 23134 | D:12     | Bought a +0 buckler of reflection for 102 gold pieces
 23531 | D:14     | Found a transporter.
 23631 | D:14     | Reached XP level 15. HP: 131/134 MP: 18/18
 23678 | D:14     | Found a gate to the Vaults.
 23692 | D:14     | Reached skill level 5 in Shields
 23729 | D:14     | Reached skill level 13 in Fighting
 24027 | D:14     | Acquired 951 gold pieces
 24186 | D:14     | Found a transporter.
 24199 | D:14     | Noticed Ukid's ghost (journeyman DrSh)
 24201 | D:14     | Noticed a storm dragon
 24995 | D:15     | Entered Level 15 of the Dungeon
 25223 | D:15     | Found a runed translucent gate.
 25223 | D:15     | Found a runed translucent gate.
 25223 | D:15     | Found a runed translucent gate.
 25224 | D:15     | Noticed imdaedric's ghost (journeyman MiBe)
 25225 | D:15     | Noticed turdburglar's ghost (journeyman MfSh)
 25402 | D:15     | Acquired the +7 quick blade "Xenoto" {freeze, rN+}
 25584 | D:15     | Reached skill level 1 in Spellcasting
 25588 | D:15     | Found a staircase to the Depths.
 26455 | D:7      | Killed panicmichael's ghost
 26534 | D:7      | Learned a level 1 spell: Slow
 26728 | Lair:1   | Killed brilapsti's ghost
 27164 | Lair:3   | Killed bane2007's ghost
 27212 | Spider:1 | Entered Level 1 of the Spider Nest
 27220 | Spider:1 | Reached skill level 14 in Fighting
 28010 | Spider:1 | Reached XP level 16. HP: 136/147 MP: 24/24
 28064 | Spider:1 | Noticed Mlioglotl
 28077 | Spider:1 | Killed Mlioglotl
 28365 | Spider:2 | Noticed Azrael
 28400 | Spider:2 | Killed Azrael
 28604 | Spider:2 | Identified the +6 chain mail "Ybaekk" {Stlth+}
 29720 | Spider:3 | Reached skill level 15 in Fighting
 30480 | Spider:4 | Entered Level 4 of the Spider Nest
 30556 | Spider:4 | Identified the +4 spear "Beetleslayer" {holy, Stlth+}
 31610 | Spider:4 | Got a gossamer rune of Zot
 31862 | Spider:4 | Reached skill level 5 in Spellcasting
 32153 | Swamp:1  | Entered Level 1 of the Swamp
 32252 | Swamp:1  | Noticed Nikola
 32269 | Swamp:1  | Reached skill level 15 in Dodging
 32421 | Swamp:1  | Killed Nikola
 32422 | Swamp:1  | Reached XP level 17. HP: 40/157 MP: 29/29
 33467 | Swamp:2  | Reached skill level 16 in Fighting
 33485 | Swamp:2  | Noticed Ykec Esm's ghost (journeyman DrWn)
 33675 | Swamp:2  | Found a runed translucent door.
 33736 | Swamp:2  | Got Cicoh's Compilation of the Band and Weather
 34090 | Swamp:2  | Killed Ykec Esm's ghost
 34365 | Swamp:3  | Found the brooch of Shielding {Spirit SH+8}
 34552 | Swamp:3  | Noticed Louise
 34574 | Swamp:3  | Killed Louise
 34596 | Swamp:3  | Learned a level 3 spell: Swiftness
 34600 | Swamp:3  | Learned a level 3 spell: Teleport Other
 34716 | Swamp:3  | Noticed Bai Suzhen
 34756 | Swamp:3  | Killed Bai Suzhen
 35033 | Swamp:4  | Entered Level 4 of the Swamp
 35241 | Swamp:4  | Paralysed by a fenstrider witch for 4 turns
 35585 | Swamp:4  | Noticed a tentacled monstrosity
 35602 | Swamp:4  | Killed a tentacled monstrosity
 35698 | Swamp:4  | Got a decaying rune of Zot
 35778 | Swamp:4  | Reached skill level 17 in Fighting
 36176 | Vaults:1 | Entered Level 1 of the Vaults
 36414 | Vaults:1 | Reached XP level 18. HP: 163/170 MP: 31/33
 36959 | Vaults:1 | HP: 12/255 [deep troll[an ironbound preserver] (3)]
 36959 | Vaults:1 | HP: 3/255 [ironbound frostheart (9)]
 36959 | Vaults:1 | Mangled by an ironbound frostheart

Illustrated notes

Levels and vault maps discovered:
D:1:      dpeg_arrival_erosion, layout_loops_cross, skrybe_limestone_x
D:2:      layout_basic
D:3:      layout_basic, serial_bayou_pond_d, uniq_grinder
D:4:      layout_basic, uniq_sigmund
D:5:      layout_basic, kennysheep_mini
D:6:      layout_basic, mainiacjoe_ossuary_entry_dusty_tomb, chequers_arboretum,
          minmay_hollow_rounded_squares, uniq_eustachio
D:7:      layout_cave_pods, mainiacjoe_overflow_small_starburst,
          minmay_temple_entry_nine_rooms, gammafunk_ghost_stat_death
D:8:      layout_basic, zin_purify, mainiacjoe_overflow_surrounded_room,
          uniq_jeremiah
D:9:      layout_roguey, dreamdust_princess_bridge, minmay_shop_damaged,
          uniq_erica
D:10:     layout_irregular_city, minivault_23, minivault_19, st_stairs_3
D:11:     layout_irregular_city, david_lair_shrubbed, hiddenorc2_lemuel
D:12:     layout_long_grid, serial_shops, shop, nicolae_shop_drivethru, shop,
          uniq_nessos
D:13:     layout_basic, uniq_rupert, uniq_urug
D:14:     layout_layer_cave, erik_vaults_2, dk_noncrumbling_3,
          gammafunk_ghost_berserking_beasts, minmay_ruined_shrine
D:15:     grunt_enter_depths_magical_seal, layout_gridville, moated_statue,
          gammafunk_ghost_cemetery
Temple:   eino_narrow_crystal_temple
Lair:1:   layout_hall_layers, nzn_ghost_randoct, uniq_nergalle
Lair:2:   layout_small_grid, uniq_maggie
Lair:3:   regret_index_wax_grids, layout_chaotic_city,
          mainiacjoe_swamp_entry_lozenge_pond,
          hellmonk_spider_entry_not_the_bees, ebering_ghost_reflecting_pool,
          dreamdust_gnoll_shepherd, lemuel_fruit_fields
Lair:4:   layout_gridlike, cheibrodos_lair_reptile_den
Lair:5:   cheibrodos_lair_end_hotspot, layout_regular_city,
          nicolae_slime_entry_slimehenge
Swamp:1:  layout_basic_swamp, evilmike_swamp_ruin_house_2,
          infiniplex_staircase_pool, uniq_nikola
Swamp:2:  layout_basic_swamp, hellmonk_ghost_happy_afterlife, serial_swamp_ruin,
          evilmike_swamp_ruin_house_1, evilmike_swamp_ruin_wall, swamp_pool_1_2,
          nicolae_swamp_some_circles, hangedman_swamp_wriggling
Swamp:3:  layout_basic_swamp, evilmike_swamp_ruin_house_5, uniq_bai_suzhen,
          uniq_louise
Swamp:4:  swamp_vile, layout_basic_swamp, swamp_pool_4,
          nicolae_swamp_decorative_isthmus
Spider:1: layout_spider_delve, uniq_mlioglotl
Spider:2: layout_spider_delve, nicolae_spider_twisty_arc_passages, uniq_azrael
Spider:3: layout_spider_delve, nicolae_spider_eight_legs
Spider:4: guppyfry_spider_rune
Orc:1:    layout_diamond_mine, special_room [special_room_orc], uniq_snorg
Orc:2:    st_orc_town, layout_caves, serial_shops, shop, nicolae_orc_minecarts
Vaults:1: nicolae_vaults_yaktaur_gun_rack, nicolae_vaults_frosty_reception,
          nicolae_vaults_asterisk, v_rooms_2, nicolae_vaults_storage_closets_1,
          st_smaller_cells, hangedman_vaults_restitches,
          nicolae_vaults_six-pack, nicolae_vaults_variable_pillar_hall,
          layout_vaults_omnigrid

Skill      XL: |  1  2  3  4  5  6  7  8  9 10 11 12 13 14 15 16 17 18 |
---------------+-------------------------------------------------------+-----
Short Blades   | 2 3 4 5 7 9 10 12 13 14 | 14.0
Fighting       | 2 3 4 5 6 7 8 9 11 12 14 15 17 | 17.4
Stealth        | 4 5 6 7 8 10 11 13 14 16 | 16.6
Dodging        | 2 4 5 7 8 10 11 13 15 16 | 16.7
Shields        | 4 7 8 9 |  9.2
Spellcasting   | 2 5 6 7 |  7.2
Throwing       | |  1.7

Action                     |  1- 3 |  4- 6 |  7- 9 | 10-12 | 13-15 | 16-18 || total
---------------------------+-------+-------+-------+-------+-------+-------++-------
  Melee: Dagger            |   120 |    77 |   293 |       |       |       ||   490
         Punch             |       |     2 |    16 |    29 |    64 |       ||   111
         Quick blade       |       |       |   446 |  1816 |  3237 |  2128 ||  7627
  Throw: Dart              |       |       |    12 |     9 |   101 |    66 ||   188
         Javelin           |       |       |     2 |       |     6 |     5 ||    13
         Throwing net      |       |       |       |     1 |       |       ||     1
    Use: Potion            |       |     3 |     2 |     7 |    11 |    14 ||    37
         Scroll            |       |       |    11 |    16 |    13 |     8 ||    48
   Stab: Sleeping          |    20 |     6 |    20 |    32 |    42 |    82 ||   202
         Distracted        |       |       |     1 |     5 |     4 |     5 ||    15
         Petrified         |       |       |       |       |     2 |       ||     2
 Armour: Robe              |    56 |    46 |   213 |   262 |   507 |   224 ||  1308
         Skin              |       |       |       |       |       |    50 ||    50
  Dodge: Dodged            |    56 |    32 |   291 |   821 |  1817 |   873 ||  3890
  Block: Other             |       |       |       |    92 |   225 |       ||   317
         Reflection        |       |       |       |       |    14 |    10 ||    24
         Buckler           |       |       |       |       |   327 |   659 ||   986
